 Dungeon Sprint DCSS version 0.21-a0-110-g8e1637b (webtiles) character file.

21452 HallandMoats the Warrior (level 12, -7/111 HPs)
             Began as a Mummy Fighter on July 10, 2017.
             Was a High Priest of Okawaru.
             Mangled by a stone giant (27 damage)
             ... in the Dungeon (Sprint IX: "|||||||||||||||||||||||||||||").
             The game lasted 00:08:26 (4620 turns).

HallandMoats the Warrior (Mummy Fighter)            Turns: 4620, Time: 00:08:26

Health: -7/111     AC: 26    Str: 24    XL:     12   Next: 54%
Magic:  15/22      EV: 18    Int:  7    God:    Okawaru [*****.]
Gold:   1900       SH: 22    Dex: 16    Spells: 11/11 levels left

rFire    + . .     SeeInvis .   a - +0 flail
rCold    . . .     Gourm    .   x - +1 large shield
rNeg     + + +     Faith    .   w - +1 fire dragon scales
rPois    ∞         Spirit   .   k - +2 hat
rElec    .         Reflect  .   v - +1 cloak
rCorr    .         Harm     .   h - +2 pair of gloves "Fuguav" {Str+4}
MR       ++...     NoTele   +   q - +0 pair of boots
Stlth    +.........             (no amulet)
HPRegen  0.28/turn              s - ring of protection from magic
MPRegen  0.18/turn              m - +2 ring of protection

@: heroism, finesse
A: no food or potions, fire vulnerability, cold resistance 1, negative energy
resistance 3, torment resistance, unbreathing
a: Heroism, Finesse, Renounce Religion


You were in the Dungeon.
You worshipped Okawaru.
Okawaru was extremely pleased with you.
You were not hungry.

You visited 1 branch You collected 1900 gold pieces.

Inventory:

Hand Weapons
 a - a +0 flail (weapon)
Armour
 h - the +2 pair of gloves "Fuguav" (worn) {Str+4}
   (Okawaru gifted it to you in the Dungeon)

   It affects your strength (+4).
 k - a +2 hat (worn)
 q - a +0 pair of boots (worn)
 r - a +0 troll leather armour
 v - a +1 cloak (worn)
 w - +1 fire dragon scales (worn)
 x - a +1 large shield (worn)
Jewellery
 j - an uncursed ring of protection from cold
 m - a +2 ring of protection (right hand)
 s - a ring of protection from magic (left hand)
 t - an uncursed ring of protection from cold
 u - an uncursed ring of fire
Wands
 g - a wand of acid (7/15)
Scrolls
 d - a scroll of blinking
 e - 5 scrolls of remove curse
 f - 2 scrolls of amnesia
 n - 3 scrolls of fear
 p - 2 scrolls of recharging
 y - a scroll of identify
Books
 b - a book of Minor Magic

   Spells                             Type                      Level
   a - Magic Dart                     Conjuration                  1
   b - Blink                          Translocation                2
   c - Call Imp                       Summoning                    2
   d - Slow                           Hexes                        2
   e - Conjure Flame                  Conjuration/Fire             3
   f - Mephitic Cloud                 Conjuration/Poison/Air       3


   Skills:
 * Level 16.0(21.0) Fighting
 * Level 13.1(18.1) Maces & Flails
 + Level 9.8(14.8) Armour
 + Level 9.5(14.5) Dodging
 + Level 9.8(14.8) Shields
 * Level 13.8 Invocations


You had 11 spell levels left.
You didn't know any spells.

Dungeon Overview and Level Annotations

Branches:
Dungeon (1/1)

Altars:
Cheibriados
Dithmenos
Elyvilon
Fedhas
Gozag
Hepliaklqana
Kikubaaqudgha
Makhleb
Nemelex Xobeh
Okawaru
Qazlal
Ru
Sif Muna
Trog
Uskayaw
Vehumet
Wu Jian
Xom
Yredelemnul
Zin
The Shining One
Beogh
Jiyva
Lugonu

Shops:
D [%*!


Innate Abilities, Weirdness & Mutations

You do not eat or drink.
Your flesh is vulnerable to fire.
You are immune to poison.
Your flesh is cold resistant. (rC+)
You are immune to negative energy. (rN+++)
You are immune to unholy pain and torment.
You can survive without breathing.


Message History

a +0 cloak; a +0 shield You see here a +1 glaive.
You see here a +1 great sword.
You see here a +1 battleaxe.
You see here a +3 long sword of electrocution.
You see here the +9 war axe of Wu Jian's Castigation {drain, *Slow rElec MR- MP+9}.
You see here a +1 great mace.
You see here a +1 double sword.
You see here a +1 great sword.
Your magical contamination has completely faded away.
There is an open door here.
You start resting.
A stone giant is nearby!
A stone giant is nearby!
A stone giant is nearby!
You gain the combat prowess of a mighty hero.
The stone giant closely misses you.
You can now deal lightning-fast blows.
The stone giant hits you!!
You die...

..................▓
▓▓▓▓▓▓▓▓▓▓▓▓▓▓▓▓▓.▓
..%.%!!!!!'.......▓
▓▓▓▓▓▓▓▓▓▓▓▓▓▓▓▓▓▓▓
..................▓
▓▓▓▓▓▓▓▓▓▓▓▓▓▓▓▓▓.▓
)[))).............▓
▓▓▓▓▓▓▓▓▓▓▓▓▓▓▓▓▓▓▓
................@.▓
▓▓▓▓▓▓▓▓▓▓▓▓▓▓▓▓▓C▓
))).....'.........▓
▓▓▓▓▓▓▓▓▓▓▓▓▓▓▓▓▓▓▓


You could see a stone giant.

Vanquished Creatures
  Gastronok (D)
  An ettin (D)
  2 great orbs of eyes (D)
  2 centaur warriors (D)
  Erica (D)
  A deep troll earth mage (D)
  4 ogre magi (D)
  A tengu warrior (D)
  Urug (D)
  An iron troll (D)
  4 deep trolls (D)
  2 orc knights (D)
  An unseen horror (D)
  2 lindwurms (D)
  2 ugly things (D)
  A cyclops (D)
  A spiny frog (D)
  A rime drake (D)
  An efreet (D)
  5 trolls (D)
  A blink frog (D)
  2 yaks (D)
  Eustachio (D)
  Grum (D)
  A vampire mosquito (D)
  4 water moccasins (D)
  2 porcupines (D)
  5 orc warriors (D)
  A phantom (D)
  4 wolves (D)
  4 crocodiles (D)
  7 bullfrogs (D)
  2 crimson imps (D)
  3 orc priests (D)
  7 orc wizards (D)
  A shadow imp (D)
  6 worms (D)
  A dart slug (D)
  2 leopard geckos (D)
  9 orcs (D)
  2 bat skeletons (D)
  A hobgoblin (D)
  A jackal (D)
  A kobold (D)
  2 quokkas (D)
  A frilled lizard (D)
  A rat (D)
108 creatures vanquished.

Vanquished Creatures (others)
  An unseen horror (D)
1 creature vanquished.

Grand Total: 109 creatures vanquished

Notes
Turn   | Place    | Note
-------+----------+-------------------------------------------
     0 | D        | HallandMoats the Mummy Fighter began the quest for the Orb.
     0 | D        | Reached XP level 1. HP: 18/18 MP: 1/1
    11 | D        | Reached skill level 4 in Fighting
    19 | D        | Reached skill level 5 in Fighting
    19 | D        | Reached XP level 2. HP: 20/27 MP: 2/2
   212 | D        | Reached skill level 6 in Fighting
   225 | D        | Found a roughly hewn altar of Beogh.
   225 | D        | Found a snail-covered altar of Cheibriados.
   225 | D        | Found a shadowy altar of Dithmenos.
   225 | D        | Found a white marble altar of Elyvilon.
   225 | D        | Found a blossoming altar of Fedhas.
   225 | D        | Found an opulent altar of Gozag.
   226 | D        | Found a hazy altar of Hepliaklqana.
   227 | D        | Found a viscous altar of Jiyva.
   228 | D        | Found an ancient bone altar of Kikubaaqudgha.
   229 | D        | Found a corrupted altar of Lugonu.
   230 | D        | Found a burning altar of Makhleb.
   231 | D        | Found a sparkling altar of Nemelex Xobeh.
   232 | D        | Found an iron altar of Okawaru.
   233 | D        | Found a stormy altar of Qazlal.
   234 | D        | Found a sacrificial altar of Ru.
   235 | D        | Found a deep blue altar of Sif Muna.
   236 | D        | Found a bloodstained altar of Trog.
   237 | D        | Found a hide-covered altar of Uskayaw.
   238 | D        | Found a radiant altar of Vehumet.
   239 | D        | Found an ornate altar of the Wu Jian Council.
   240 | D        | Became a worshipper of Warmaster Okawaru
   241 | D        | Found a shimmering altar of Xom.
   242 | D        | Found a basalt altar of Yredelemnul.
   243 | D        | Found a glowing silver altar of Zin.
   244 | D        | Found a glowing golden altar of the Shining One.
   300 | D        | Noticed a yak
   300 | D        | Noticed a phantom
   300 | D        | Noticed a crocodile
   305 | D        | Killed a crocodile
   305 | D        | Reached skill level 7 in Fighting
   305 | D        | Reached skill level 1 in Dodging
   305 | D        | Reached XP level 3. HP: 29/36 MP: 2/4
   305 | D        | Reached XP level 4. HP: 35/43 MP: 2/5
   316 | D        | Killed a phantom
   316 | D        | Reached XP level 5. HP: 34/49 MP: 3/7
   323 | D        | Killed an unseen horror
   323 | D        | Reached * piety under Okawaru
   323 | D        | Reached ** piety under Okawaru
   323 | D        | Reached skill level 9 in Fighting
   323 | D        | Reached XP level 6. HP: 35/59 MP: 4/10
   323 | D        | Reached XP level 7. HP: 38/64 MP: 4/11
   329 | D        | Killed a yak
   329 | D        | Reached skill level 5 in Armour
   329 | D        | Reached skill level 5 in Shields
   512 | D        | Noticed a centaur warrior
   512 | D        | Noticed a vampire mosquito
   512 | D        | Noticed a cyclops
   521 | D        | Killed a cyclops
   521 | D        | Reached skill level 10 in Fighting
   521 | D        | Reached XP level 8. HP: 45/72 MP: 11/13
   536 | D        | Killed a centaur warrior
   536 | D        | Reached *** piety under Okawaru
   536 | D        | Reached skill level 11 in Fighting
   536 | D        | Reached skill level 5 in Dodging
   545 | D        | Reached XP level 9. HP: 29/81 MP: 15/15
   887 | D        | Reached **** piety under Okawaru
   888 | D        | Noticed a spiny frog
   907 | D        | Killed a spiny frog
  1129 | D        | Noticed a rime drake
  1129 | D        | Reached ***** piety under Okawaru
  1132 | D        | Reached skill level 12 in Fighting
  1153 | D        | Killed a rime drake
  1156 | D        | Received a gift from Okawaru
  1156 | D        | Reached XP level 10. HP: 76/89 MP: 15/17
  1178 | D        | Noticed a lindwurm
  1178 | D        | Noticed a lindwurm
  1187 | D        | Killed a lindwurm
  1187 | D        | Reached skill level 10 in Invocations
  1191 | D        | Killed a lindwurm
  1487 | D        | Noticed Grum
  1517 | D        | Killed Grum
  1517 | D        | Reached skill level 10 in Maces & Flails
  2097 | D        | Noticed an orc knight
  2106 | D        | Reached skill level 13 in Fighting
  2121 | D        | Killed an orc knight
  2163 | D        | Noticed an orc knight
  2198 | D        | HP: 4/92 [orc knight/battleaxe (6)]
  2206 | D        | Killed an orc knight
  2206 | D        | Received a gift from Okawaru
  2210 | D        | Got a pair of ancient gloves {god gift}
  2658 | D        | Identified the +2 pair of gloves "Fuguav" {Str+4} (Okawaru gifted it to you in the Dungeon)
  2716 | D        | Found Micusch's Distillery.
  2716 | D        | Noticed a deep troll
  2716 | D        | Noticed a deep troll
  2716 | D        | Noticed an ogre mage
  2716 | D        | Noticed an ogre mage
  2720 | D        | Noticed a deep troll
  2727 | D        | Killed an ogre mage
  2727 | D        | Reached XP level 11. HP: 95/98 MP: 12/19
  2739 | D        | Paralysed by an ogre mage for 6 turns
  2746 | D        | Killed an ogre mage
  2759 | D        | Killed a deep troll
  2760 | D        | Found Naont's General Store.
  2776 | D        | Killed a deep troll
  2776 | D        | Reached skill level 14 in Fighting
  2792 | D        | Killed a deep troll
  2794 | D        | Found Jiol's Food Boutique.
  2796 | D        | Noticed an iron troll
  3326 | D        | Killed an iron troll
  3574 | D        | Found Ocwen's Antique Armour Shop.
  3576 | D        | Noticed an ogre mage
  3577 | D        | Noticed a deep troll
  3583 | D        | Killed an ogre mage
  3600 | D        | Killed a deep troll
  3827 | D        | Noticed Erica
  3848 | D        | Killed Erica
  3852 | D        | Noticed Urug
  3857 | D        | Noticed Eustachio
  3868 | D        | Killed Urug
  3882 | D        | Killed Eustachio
  3895 | D        | Noticed Gastronok
  3917 | D        | Killed Gastronok
  3917 | D        | Reached skill level 15 in Fighting
  3917 | D        | Reached XP level 12. HP: 30/110 MP: 21/21
  4402 | D        | Noticed an ogre mage
  4402 | D        | Noticed a tengu warrior
  4411 | D        | Killed a tengu warrior
  4425 | D        | Received a gift from Okawaru
  4426 | D        | Noticed a centaur warrior
  4433 | D        | Killed an ogre mage
  4434 | D        | Noticed an ettin
  4442 | D        | Noticed a great orb of eyes
  4468 | D        | Noticed a great orb of eyes
  4472 | D        | Noticed a deep troll earth mage
  4475 | D        | Killed a centaur warrior
  4487 | D        | Killed an ettin
  4496 | D        | Killed a great orb of eyes
  4506 | D        | Paralysed by a great orb of eyes for 2 turns
  4522 | D        | Killed a great orb of eyes
  4522 | D        | Reached skill level 16 in Fighting
  4539 | D        | Killed a deep troll earth mage
  4557 | D        | Noticed a stone giant
  4558 | D        | HP: 3/111 [stone giant/large rock (30)]
  4620 | D        | Mangled by a stone giant

Vault maps used:
D:        linesprint

Skill      XL: |  1  2  3  4  5  6  7  8  9 10 11 12 |
---------------+-------------------------------------+-----
Fighting       | 5 7 9 10 11 12 13 15 16 | 16.0
Maces & Flails | 3 4 6 7 8 9 10 12 13 | 13.1
Armour         | 3 4 5 6 7 9 |  9.8
Dodging        | 1 2 3 4 5 6 7 8 9 |  9.5
Shields        | 3 4 5 6 7 9 |  9.8
Invocations    | 2 3 6 7 8 9 11 13 | 13.8

Action                   |  1- 3 |  4- 6 |  7- 9 | 10-12 || total
-------------------------+-------+-------+-------+-------++-------
Melee: Flail             |    32 |       |       |   548 ||   580
       Quarterstaff      |     5 |    18 |   104 |    27 ||   154
Invok: Heroism           |       |       |     1 |     9 ||    10
       Finesse           |       |       |       |     7 ||     7
  Use: Scroll            |       |       |       |     2 ||     2
Armor: Scale mail        |    13 |       |       |       ||    13
       Plate armour      |     1 |    14 |    58 |   115 ||   188
       Troll leather arm |       |       |       |     3 ||     3
       Fire dragon scale |       |       |       |    14 ||    14
Dodge: Dodged            |     8 |     5 |    59 |   147 ||   219
Block: Shield            |    12 |       |       |   172 ||   184
       Large shield      |       |       |       |    51 ||    51
